 Dungeon Crawl Stone Soup version 0.26-a0-651-gb41185065b (webtiles) character file.

Game seed: 7150094761415578961

1759 ipx the Fighter (level 9, -13/75 HPs)
             Began as a Barachi Brigand on Oct 26, 2020.
             Was a Follower of Kikubaaqudgha.
             Mangled by Gastronok (23 damage)
             ... on level 8 of the Dungeon on Oct 27, 2020.
             The game lasted 00:38:28 (2708 turns).

ipx the Fighter (Barachi Brigand)                   Turns: 2708, Time: 00:38:30

Health: -13/75     AC: 11    Str: 15    XL:     9   Next: 7%
Magic:  5/9        EV: 10    Int: 19    God:    Kikubaaqudgha [*.....]
Gold:   235        SH:  0    Dex: 19    Spells: 3/8 levels left

rFire    . . .     SeeInvis .   b - +1 dagger (pain)
rCold    . . .     Faith    .   (no shield)
rNeg     . . .     Spirit   .   f - +0 scale mail
rPois    .         Reflect  .   m - +1 helmet
rElec    .         Harm     .   c - +1 cloak
rCorr    .         Rampage  .   (no gloves)
MR       .....                  (no boots)
Stlth    +.........             (no amulet)
HPRegen  0.22/turn              i - +6 ring of intelligence
MPRegen  0.11/turn              d - +6 ring of dexterity

@: slow
A: +LOS, swims, slowness 1, strong legs 1
a: Hop, Receive Corpses, Renounce Religion


You were on level 8 of the Dungeon.
You worshipped Kikubaaqudgha.
Kikubaaqudgha was aware of your devotion.
You visited 2 branches of the dungeon, and saw 9 of its levels.

You collected 235 gold pieces.

Inventory:

Hand Weapons
 a - a +2 dagger
 b - a +1 dagger of pain (weapon)
Missiles
 e - 17 poisoned darts (quivered)
 g - 4 boomerangs
 t - 4 silver javelins
Armour
 c - a +1 cloak (worn)
 f - a +0 scale mail (worn)
 m - a +1 helmet (worn)
Magical Staves
 x - an uncursed staff of air
Jewellery
 d - a +6 ring of dexterity (right hand)
 i - a +6 ring of intelligence (left hand)
 l - a +4 ring of evasion {unknown}
 o - a cursed -4 ring of intelligence
Wands
 s - a wand of paralysis (4)
Scrolls
 h - a scroll of teleportation
 j - a scroll of noise
 n - 2 scrolls of amnesia
 q - a scroll of blinking
 y - a scroll of enchant weapon
Potions
 k - 3 potions of stabbing
 r - 2 potions of degeneration
 u - a potion of lignification {unknown}
 v - a potion of resistance {unknown}
 w - a potion of cancellation
 z - a potion of brilliance


   Skills:
 + Level 8.6 Fighting
 + Level 5.4 Short Blades
 - Level 5.0 Throwing
 + Level 2.8 Armour
 - Level 1.8 Dodging
 - Level 3.6 Stealth
 * Level 3.7 Necromancy
 - Level 3.0 Evocations


You had 3 spell levels left.
You knew the following spells:

 Your Spells              Type           Power        Failure   Level
d - Vampiric Draining     Necr           ##........   45%         3
r - Corpse Rot            Necr/Air       N/A          50%         2

Your spell library contained the following spells:

 Spells                   Type           Power        Failure   Level
 Pain                     Necr           ##..         17%         1
 Sublimation of Blood     Necr           ##........   26%         2


Dungeon Overview and Level Annotations

Branches:
Dungeon (8/15)             Temple (1/1) D:4
   Lair: D:8-11

Altars:
Ashenzari
Cheibriados
Dithmenos
Gozag
Hepliaklqana
Kikubaaqudgha
Nemelex Xobeh
Okawaru
Qazlal
Ru
Sif Muna
Uskayaw
Vehumet
Xom
Zin
The Shining One

Annotations:
D:8 Gastronok


Innate Abilities, Weirdness & Mutations

You can be seen from farther away. (+LOS)
You can swim through water.
You cover ground slowly.
You can hop short distances.


Message History

The bat hits you but does no damage. x2; Gastronok bites you!!
* * * LOW HITPOINT WARNING * * *
Press: ? - help, v - describe, . - travel, g - get item
Here: Gastronok, wearing a +2 hat of intelligence (severely wounded, extremely poisoned) Item here: 2 poisoned darts.
The floor.
It was a potion of brilliance.
You feel clever all of a sudden. The bat hits you but does no damage.
The bat hits you.
* * * LOW HITPOINT WARNING * * *
The bat closely misses you.
It was a potion of cancellation.
Your magical effects are unravelling.
You feel magically purged.
Your magical contamination has completely faded away.
You flicker back into view.
You feel a little less clever now. The bat misses you.
The bat closely misses you. The bat hits you but does no damage.
Gastronok bites you!!
You die...
Kikubaaqudgha rasps: "You have failed me!
Welcome... death!"

##...## #.####
#.#.## ##'##
#.# #..... #.#
#.# ###.##
####.###†#####
#.# #.#.
#........w†..#
#.# ###.#.
.....##...##r#
#.# #..... #.#
#.....#(# #.#
#.....
##...##(#####.#
#..<..
##.###.rw@b..#
#..... ###
#########
#..... #####.
##


You could see Gastronok (extremely poisoned), a river rat (summoned) and a bat
(summoned).

Vanquished Creatures
  Pikel (D:4)
  A water moccasin (D:5)
  An ice beast (D:8)
  2 sky beasts (D:5)
  2 ogres
  A centaur (D:8)
  A lemure (D:4)
  2 bullfrogs (D:6)
  A scorpion (D:8)
  A howler monkey (D:5)
  A centaur zombie (D:6)
  2 orc wizards
  An orc priest (D:5)
  3 hounds
  A bullfrog skeleton (D:5)
  2 iguanas
  A worker ant (D:3)
  A killer bee zombie (D:3)
  Robin (D:2)
  9 adders
  A shadow imp (D:6)
  3 white imps
  An ooze (D:1)
  2 worms (D:4)
  3 dart slugs
  8 orcs
  5 bats
  A giant cockroach (D:2)
  10 goblins
  5 hobgoblins
  10 jackals
  4 kobolds
  2 quokkas (D:4)
  2 ball pythons (D:3)
  A frilled lizard (D:2)
  A quokka skeleton (D:5)
  4 rats
98 creatures vanquished.

Vanquished Creatures (others)
  An orc (D:4)
1 creature vanquished.

Grand Total: 99 creatures vanquished

Notes
Turn   | Place    | Note
-------+----------+-------------------------------------------
     0 | D:1      | ipx the Barachi Brigand began the quest for the Orb.
     0 | D:1      | Reached XP level 1. HP: 17/17 MP: 1/1
    61 | D:1      | Reached XP level 2. HP: 4/23 MP: 2/2
    76 | D:1      | Reached skill level 3 in Fighting
   287 | D:2      | Found a sacrificial altar of Ru.
   321 | D:2      | Noticed Robin
   323 | D:2      | Reached XP level 3. HP: 29/29 MP: 3/3
   338 | D:2      | Killed Robin
   537 | D:2      | Found an iron altar of Okawaru.
   554 | D:2      | Reached skill level 4 in Fighting
   554 | D:2      | Reached XP level 4. HP: 37/37 MP: 4/4
   614 | D:3      | Found a hazy altar of Hepliaklqana.
   683 | D:3      | Noticed an ogre
   720 | D:3      | Killed an ogre
   720 | D:3      | Reached skill level 5 in Fighting
   720 | D:3      | Reached XP level 5. HP: 39/44 MP: 5/5
   908 | D:4      | Noticed a lemure
   927 | D:4      | Killed a lemure
   927 | D:4      | Noticed an ogre
   947 | D:4      | Killed an ogre
   947 | D:4      | Reached skill level 5 in Short Blades
   947 | D:4      | Reached XP level 6. HP: 17/51 MP: 6/6
   973 | D:4      | Found a staircase to the Ecumenical Temple.
   979 | Temple   | Entered the Ecumenical Temple
  1023 | Temple   | Became a worshipper of Kikubaaqudgha
  1130 | D:4      | Noticed Pikel
  1228 | D:3      | Reached skill level 6 in Fighting
  1394 | D:4      | Killed Pikel
  1394 | D:4      | Reached skill level 7 in Fighting
  1394 | D:4      | Reached XP level 7. HP: 49/60 MP: 7/7
  1559 | D:5      | Entered Level 5 of the Dungeon
  1596 | D:5      | Reached skill level 5 in Throwing
  1603 | D:5      | Reached skill level 1 in Evocations
  1603 | D:5      | Reached XP level 8. HP: 31/68 MP: 8/8
  1638 | D:5      | Found a stormy altar of Qazlal.
  1710 | D:5      | Reached skill level 8 in Fighting
  1805 | D:5      | Reached * piety under Kikubaaqudgha
  1805 | D:5      | Identified Kikubaaqudgha's Collected Works on Evil Magic
                  | (Kikubaaqudgha gifted it to you on level 5 of the Dungeon)
  1805 | D:5      | Received a gift from Kikubaaqudgha
  1813 | D:5      | Learned a level 2 spell: Corpse Rot
  1817 | D:5      | Learned a level 3 spell: Vampiric Draining
  1842 | D:5      | Reached skill level 1 in Armour
  1901 | D:6      | Reached skill level 1 in Necromancy
  2611 | D:8      | Reached XP level 9. HP: 35/75 MP: 5/9
  2639 | D:8      | Noticed Gastronok
  2708 | D:8      | Mangled by Gastronok

Illustrated notes

Levels and vault maps discovered:
D:1:      ebering_trefoil_twist, layout_basic
D:2:      layout_loops_corners, overflow_temple_1_default, minmay_hexomino_r4,
          uniq_robin
D:3:      layout_loops_ring, lemuel_round_altar, nicolae_overflow_hidden_temple,
          minivault_4, kennysheep_generic_room_8
D:4:      layout_cave_pools, minmay_temple_entry_ruins, uniq_pikel,
          uniq_crazy_yiuf_cottage
D:5:      layout_loops_ring, nicolae_qazlal_general_emergency
D:6:      layout_basic
D:7:      layout_layer_cave, elyvilon_altar_5, serial_shops, shop,
          nrook_campfire, grunt_decor_clamped
D:8:      layout_loops_corners, grunt_temple_overflow_forces_of_nature,
          gammafunk_temple_overflow_arena, uniq_gastronok
Temple:   regret_index_temple_waves

Skill      XL: |  1  2  3  4  5  6  7  8 |
---------------+-------------------------+-----
Fighting       | 3 4 5 7 8 |  8.6
Short Blades   | 3 4 5 |  5.4
Throwing       | 4 5 |  5.0
Evocations     | 1 3 |  3.0
Armour         | 2 |  2.8
Necromancy     | 3 |  3.7
Dodging        | |  1.8
Stealth        | |  3.6

Action                   |  1- 3 |  4- 6 |  7- 9 || total
-------------------------+-------+-------+-------++-------
Melee: Dagger            |    83 |   159 |   326 ||   568
       Staff             |       |       |    31 ||    31
Throw: Dart              |    24 |    44 |    28 ||    96
 Cast: Vampiric Draining |       |       |     1 ||     1
       Corpse Rot        |       |       |     1 ||     1
Invok: Receive Corpses   |       |       |     1 ||     1
 Abil: Hop               |       |     4 |     3 ||     7
Evoke: Wand              |       |       |     6 ||     6
  Use: Potion            |       |     4 |     5 ||     9
       Scroll            |       |     3 |     7 ||    10
 Stab: Sleeping          |     5 |     4 |     2 ||    11
       Paralysed         |       |       |     3 ||     3
Armor: Robe              |    19 |    32 |       ||    51
       Scale mail        |       |     1 |   160 ||   161
Dodge: Dodged            |    40 |    56 |   143 ||   239

Table legend: (Time is in decaauts)
 A = Elapsed time spent in this place.
 B = Non-inter-level travel time spent in this place.
 C = Inter-level travel time spent in this place.
 D = Time resting spent in this place.
 E = Time spent auto-exploring this place.
 F = Levels seen in this place.
 G = Mean time per level.
                   A        B        C        D        E       F      G
               +--------+--------+--------+--------+--------+-----+--------+
         Total |   2900 |   2848 |     52 |      0 |      0 |   9 |  322.2 |
       Dungeon |   2817 |   2765 |     52 |      0 |      0 |   8 |  352.1 |
        Temple |     83 |     83 |      0 |      0 |      0 |   1 |   83.0 |
               +--------+--------+--------+--------+--------+-----+--------+

Top non-repeatable levels by time:
     D:3: 542 daAuts
     D:5: 464 daAuts
     D:6: 413 daAuts
     D:4: 405 daAuts
     D:2: 376 daAuts
     D:1: 304 daAuts
     D:8: 268 daAuts
  Temple: 83 daAuts
     D:7: 42 daAuts
